[Event "*** Titled Tuesday Blitz"]
[Site "Chess.com"]
[Date "2021.04.27"]
[Round "4"]
[White "Sjakkerntobi"]
[Black "SilviusTiberius"]
[Result "0-1"]
[WhiteElo "2385"]
[BlackElo "2608"]
[TimeControl "180+1"]
[EndTime "10:40:11 PDT"]
[Termination "SilviusTiberius won by checkmate"]

1. e4 e5 2. Nf3 Nc6 3. Bb5 Nf6 4. O-O Nxe4 5. Re1 Nd6 6. Nxe5 Be7 7. Bf1 Nxe5 8.
Rxe5 O-O 9. d4 Bf6 10. Re1 Re8 11. Rxe8+ Nxe8 12. c4 d5 13. Nc3 dxc4 14. d5 Nd6 15. Bf4 Bf5 16. Rc1 Bg5 17. Qf3 Bxf4 18. Qxf4 Qe7 19. h3 Re8 20. Bxc4 a6 21. Bf1 h5 22.
Ne2 Bg6 23. Nd4 Qe4 24. Qxe4 Bxe4 25. Rxc7 Bxd5 26. Rd7 Re1 27. Nc2 Re6 28. Ne3 Bc6 29. Rd8+ Kh7 30. Bd3+ g6 31. Kf1 Kg7 32. h4 Kf6 33.
Ke2 Ke7 34. Rb8 Bxg2 35. f3 Bf1+ 36. Kd2 Bxd3 37. Kxd3 Re5 38. Nc4 Rd5+ 39. Kc3 Rc5 40. b3 Nxc4 41. bxc4 b5 42. Rb7+ Kf8 43. Kd3 Rxc4 44.
Rb6 Ra4 45. Ke3 Rxa2 46. Ke4 Kg7 47. Kf4 Ra4+ 48. Kg3 b4 49. Rb7 a5 50. Rb6 Ra3 51.
Kg2 b3 52. f4 a4 53. f5 gxf5 54. Kh3 b2+ 55. Kh2 Rb3 56. Rd6 b1=Q 57. Rd2 Rb2 58.
Rg2+ Rxg2+ 59. Kh3 Qh1# 0-1

[Event "*** Titled Tuesday Blitz"]
[Site "Chess.com"]
[Date "2021.04.27"]
[Round "4"]
[White "HanSchut"]
[Black "IANOV0007"]
[Result "0-1"]
[WhiteElo "2287"]
[BlackElo "2468"]
[TimeControl "180+1"]
[EndTime "10:40:11 PDT"]
[Termination "IANOV0007 won on time"]

1. e4 d6 2. d4 Nf6 3. Nc3 c6 4. f4 Qb6 5. h3 e5 6. Nf3 exd4 7. Qxd4 Qxd4 8. Nxd4 g6 9. e5 Nh5 10. exd6 Bxd6 11.
Ne4 Bxf4 12. Bxf4 Nxf4 13. Nd6+ Ke7 14. Nxc8+ Rxc8 15. O-O-O Nd7 16. Bc4 Nb6 17. Rde1+ Kf8 18. Rhf1 g5 19. g3 Re8 20. Rxe8+ Rxe8 21. Bxf7 Kxf7 22. gxf4 gxf4 23. Rxf4+ Kg6 24. Rg4+ Kf6 25. b3 Nd5 26. Kb2 h5 27. Rh4 Kg6 28. Nf3 Re3 29. Nd2 Kg5 30. Ra4 a6 31. h4+ Kf5 32. Nc4 Re6 33. Na5 Re7 34. Rd4 Nf4 35. Nc4 Kg4 36.
Nd2 Rf7 37. Nc4 Kxh4 38. Ne5 Rf5 39. Nd3 Kg3 40. Ne1 h4 41. c4 h3 42. Rd2 h2 43.
Rxh2 Kxh2 44. Nf3+ Kg3 45. Nd4 Re5 46. Kc3 c5 47.
Nc2 Re2 48. a3 Kf3 49. b4 b6 50. a4 a5 51. bxc5 bxc5 52. Kb3 Re3+ 53. Kb2 Rd3 54. Kc1 Ke2 55. Kb2 Rd2 56. Kc3 Rxc2+ 57. Kxc2 Ke3 58.
Kc3 Ke4 0-1

[Event "*** Titled Tuesday Blitz"]
[Site "Chess.com"]
[Date "2021.04.27"]
[Round "4"]
[White "HouseOfDurin"]
[Black "FrenchMonster2002"]
[Result "1-0"]
[WhiteElo "2140"]
[BlackElo "2364"]
[TimeControl "180+1"]
[EndTime "10:40:11 PDT"]
[Termination "HouseOfDurin won on time"]

1. d4 g6 2. h4 Nf6 3. Bg5 Bg7 4. Bxf6 Bxf6 5. h5 c5 6. c3 cxd4 7. cxd4 Qb6 8. Qc2 Nc6 9. e3 d6 10. Nd2 Bf5 11. Qb3 Nb4 12. Rc1 Nc2+ 13. Kd1 Qxb3 14. Nxb3 Nb4 15. Bb5+ Kd8 16. a3 Nd3 17. Bxd3 Bxd3 18. Kd2 Bf5 19. f3 b6 20. hxg6 hxg6 21. Rxh8+ Bxh8 22. g4 Be6 23. Rc3 Kd7 24. Ne2 g5 25. e4 d5 26. e5 f6 27. exf6 Bxf6 28.
Nbc1 Rh8 29. Nd3 Rh2 30. Ke3 Rh3 31. Kf2 Rh2+ 32. Ke3 Bf7 33. Rc1 Bg6 34. Rf1 e6 35. Nf2 Kd6 36. Rh1 Rxh1 37. Nxh1 e5 38. Nhg3 a6 39.
Nh5 Bxh5 40. gxh5 exd4+ 41. Nxd4 Bg7 42. b3 Ke5 43. Nc6+ Kf5 44. Nb8 a5 45. a4 Bf8 46.
Nd7 Bb4 47. h6 Kg6 48. Kd4 Kxh6 49. Kxd5 Kh5 50. Nxb6 Kh4 51. Ke4 Kg3 52. Nd5 Be1 53. Ne3 1-0

[Event "*** Titled Tuesday Blitz"]
[Site "Chess.com"]
[Date "2021.04.27"]
[Round "4"]
[White "Arystanner"]
[Black "szachuspl"]
[Result "1-0"]
[WhiteElo "2832"]
[BlackElo "2552"]
[TimeControl "180+1"]
[EndTime "10:40:12 PDT"]
[Termination "Arystanner won by resignation"]

1. e4 c5 2. Nf3 e6 3. c3 Nf6 4. e5 Nd5 5. d4 cxd4 6. cxd4 d6 7. Bc4 Nb6 8. Bb5+ Bd7 9. Bd3 Bc6 10. O-O N8d7 11.
Nc3 Bxf3 12. Qxf3 dxe5 13. dxe5 Nxe5 14. Bb5+ Ned7 15. Qxb7 Qc8 16. Qf3 Be7 17. Bc6 Rb8 18. Bf4 O-O 19. Bxb8 Nxb8 20. Be4 N8d7 21. Rac1 Qa6 22. Rfd1 Nf6 23. Bb1 Qa5 24. h3 h6 25.
Ne4 Nbd5 26. Nxf6+ Bxf6 27. Qe2 g6 28. Rc4 Kg7 29.
Qd2 Qb6 30. b3 Rd8 31. Qc1 Qa5 32. Ra4 Qb6 33. Rc4 Nc3 34. Re1 Nd5 35. Be4 Nb4 36. a3 Nd3 37. Bxd3 Rxd3 38. b4 Qa6 39.
Re3 Rd5 40. Rb3 Qb6 41. Rc2 Qd6 42. Rb1 Rd3 43. Re2 Qd4 44. a4 h5 45. b5 Rc3 46.
Qe1 Ra3 47. a5 Qc5 48. b6 axb6 49. axb6 Ra8 50. b7 Rb8 51. Qd1 Qc7 52. Qb3 Be5 53. Rc2 Qd6 54. Rc8 Qd4 55. Rxb8 Bxb8 56. Qb2 e5 57.
Qxd4 exd4 58. Rd1 Kf6 59. Rxd4 Ke7 60. Rc4 Kd7 61. Rc8 1-0

[Event "*** Titled Tuesday Blitz"]
[Site "Chess.com"]
[Date "2021.04.27"]
[Round "4"]
[White "dosto07"]
[Black "KonstantinB_1983"]
[Result "0-1"]
[WhiteElo "2308"]
[BlackElo "2505"]
[TimeControl "180+1"]
[EndTime "10:40:12 PDT"]
[Termination "KonstantinB_1983 won on time"]

1. e4 c6 2. d4 d5 3. Nc3 dxe4 4.
Nxe4 Nf6 5. Nxf6+ exf6 6. c3 Bd6 7. Bd3 O-O 8. Ne2 Qc7 9. Qc2 h5 10. h3 Nd7 11. Be3 Re8 12. O-O-O h4 13. Kb1 Nf8 14.
c4 c5 15. Nc3 Bd7 16. Nd5 Qa5 17. dxc5 Bxc5 18. Bd2 Qd8 19. Bc3 Re6 20. Bf5 Rd6 21. b4 Bb6 22. c5 Ba4 23. Qxa4 Rxd5 24. cxb6 Rxd1+ 25. Rxd1 Qxb6 26. Bd4 Qd6 27. Bb2 Qf4 28. Qc2 Qxb4 29. a3 Qb5 30. Qd3 Qa4 31. Rc1 Re8 32.
Ka2 Qf4 33. f3 Qg3 34. Rc2 Qg5 35. Be4 b6 36. Bd5 Re7 37. Rc8 Rd7 38. Bc3 Qxd5+ 39. Qxd5 Rxd5 40. Bb4 Kh7 41. Rxf8 Kg6 42. Ra8 a5 43. Bc3 Rg5 44. Rb8 Rxg2+ 45. Kb3 Rf2 46. Rxb6 Rxf3 47. Rb5 Rxh3 48. Rxa5 Rf3 49. Ra8 Kh7 50. Rf8 h3 51. Re8 g5 52. Re1 g4 53. a4 g3 54. Kc4 g2 55. Bd4 h2 56.
a5 h1=Q 57. Bg1 Qh4+ 0-1

[Event "*** Titled Tuesday Blitz"]
[Site "Chess.com"]
[Date "2021.04.27"]
[Round "4"]
[White "ckgchess"]
[Black "CM_rui"]
[Result "1-0"]
[WhiteElo "2681"]
[BlackElo "2513"]
[TimeControl "180+1"]
[EndTime "10:40:14 PDT"]
[Termination "ckgchess won by checkmate"]

1. e4 e5 2. Nf3 Nc6 3. Bc4 Bc5 4. c3 Nf6 5. d4 exd4 6. cxd4 Bb4+ 7. Nbd2 d5 8. exd5 Nxd5 9. O-O O-O 10. a3 Ba5 11. Ba2 Bg4 12. h3 Bh5 13. Qb3 Nf4 14. d5 Bxd2 15.
Bxd2 Bxf3 16. Bxf4 Nd4 17. Qe3 Ne2+ 18. Kh2 Bh5 19. Qe5 Nxf4 20. Qxf4 Bg6 21. Rac1 Rc8 22. Rfe1 Qd7 23. Rc3 h6 24. Rec1 c6 25. dxc6 Rxc6 26. Rxc6 bxc6 27. Qg3 Bf5 28. Qf3 Qd2 29. Rxc6 Qxb2 30.
Bc4 Qe5+ 31. Qg3 Qe4 32. Rc7 Bg6 33. a4 a5 34. f3 Qf5 35. Re7 Kh7 36. Re5 Qf6 37.
Rxa5 Qc3 38. Rc5 Qd4 39. Rc7 Qb6 40. Bb5 Qa5 41. Rc6 Qb4 42. Qd6 Qb2 43. Qxf8 Qe5+ 44. Kg1 Qe1+ 45. Bf1 Qe3+ 46. Kh2 Qf2 47. Qd6 Qxf1 48.
Qg3 Qe2 49. Rc7 Qe8 50. a5 Qa8 51. Rc5 Qa6 52. h4 Qa7 53. Re5 Qa6 54. h5 Bd3 55.
Rc5 Bb5 56. Qe5 Bd7 57. Qe4+ Kg8 58. Rd5 Be6 59. Rd8# 1-0

[Event "*** Titled Tuesday Blitz"]
[Site "Chess.com"]
[Date "2021.04.27"]
[Round "4"]
[White "kakorrhaphiophobie"]
[Black "Cambek64"]
[Result "0-1"]
[WhiteElo "2305"]
[BlackElo "2493"]
[TimeControl "180+1"]
[EndTime "10:40:14 PDT"]
[Termination "Cambek64 won on time"]

1. d4 d6 2. Nf3 Nf6 3. c4 g6 4.
Nc3 Bg7 5. e4 Bg4 6. Be2 O-O 7.
Be3 Nfd7 8. Ng1 Bxe2 9. Ngxe2 c5 10. Qd2 Nc6 11. O-O cxd4 12. Nxd4 Nde5 13. b3 Ng4 14. Nxc6 bxc6 15. Bd4 Bxd4 16. Qxd4 Qb6 17. Qd2 Rad8 18.
Rad1 e5 19. h3 Nf6 20. Qe2 Nh5 21. Na4 Qc7 22. g3 Qe7 23. Rd3 Qg5 24. Kh2 f5 25. Nc3 f4 26. g4 f3 27. Rxf3 Rxf3 28. Qxf3 Rf8 29. Qe2 Nf4 30. Qe3 h5 31. Rg1 hxg4 32.
Rxg4 Qh5 33. Qg3 Kg7 34. f3 Rh8 35. Nd1 Qxh3+ 36. Qxh3 Rxh3+ 37. Kg1 Rxf3 38. Rh4 Rd3 39. Nf2 Rd2 40. a4 a5 41. Nh3 Ne2+ 42. Kf1 Nd4 43. Ng5 Nxb3 44. Ne6+ Kf6 45. Nd8 Nc5 46. Nxc6 Ra2 47. Rh8 Rxa4 48. Ra8 Rxc4 49. Nxa5 Nxe4 50. Ra6 Ke6 0-1

[Event "*** Titled Tuesday Blitz"]
[Site "Chess.com"]
[Date "2021.04.27"]
[Round "4"]
[White "seorobert1971"]
[Black "Konavets"]
[Result "1/2-1/2"]
[WhiteElo "2759"]
[BlackElo "2939"]
[TimeControl "180+1"]
[EndTime "10:40:16 PDT"]
[Termination "Game drawn - insufficient material"]

1. Nf3 d5 2. d4 Nf6 3. c4 e6 4. Nc3 Bb4 5. Bg5 h6 6. Bxf6 Qxf6 7. Qa4+ Nc6 8. e3 O-O 9. a3 Bxc3+ 10. bxc3 Qg6 11.
Rc1 Rd8 12. Qc2 Qxc2 13. Rxc2 Na5 14. cxd5 exd5 15. c4 Bf5 16. Rc3 dxc4 17. Bxc4 c5 18. dxc5 Rac8 19. Nd4 Bg6 20. Be2 Rd5 21. c6 bxc6 22. Bf3 Rd6 23. Rc5 Nb7 24. Rxc6 Rcxc6 25. Bxc6 Nc5 26. O-O Ne6 27. Nxe6 Rxc6 28. Nd4 Rc3 29. Ra1 a5 30. a4 Rc4 31. Nb3 Be4 32. Nxa5 Rb4 33.
f3 Bc2 34. Nc6 Rxa4 35. Rc1 Bb3 36. Nd4 Bd5 37. Rc5 Bc4 38. h4 g6 39. h5 Bd3 40.
hxg6 Bxg6 41. g4 Ra2 42. e4 Rd2 43. Nf5 Bxf5 44. gxf5 Kg7 45. Rc7 Kf6 46. f4 Re2 47. e5+ Kxf5 48. Rxf7+ Kg4 49. Kf1 Kf3 50. Rf6 h5 51. e6 h4 52. f5 h3 53. Rh6 h2 54. f6 Rxe6 55. f7 h1=Q+ 56. Rxh1 Rf6 57. Rh2 Kg3+ 58. Kg1 Rxf7 59. Rg2+ Kh4 60. Rh2+ Kg5 61. Rg2+ Kf6 62. Rf2+ Ke7 63. Rxf7+ Kxf7 1/2-1/2

[Event "*** Titled Tuesday Blitz"]
[Site "Chess.com"]
[Date "2021.04.27"]
[Round "4"]
[White "klimkoj"]
[Black "karwowskikacper"]
[Result "1-0"]
[WhiteElo "2609"]
[BlackElo "2421"]
[TimeControl "180+1"]
[EndTime "10:40:16 PDT"]
[Termination "klimkoj won by checkmate"]

1. e4 c5 2. Nf3 Nc6 3. d4 cxd4 4. Nxd4 g6 5. Be3 Bg7 6. c4 Nf6 7. Nc3 d6 8. f3 O-O 9. Be2 Nxd4 10. Bxd4 a5 11.
O-O Be6 12. Be3 Nd7 13. Qd2 a4 14. Nd5 Bxd5 15. cxd5 Qa5 16. Rab1 Qxd2 17. Bxd2 Bd4+ 18. Kh1 Rfc8 19. Bd3 Ne5 20. Be2 Rc2 21. Rfd1 Rxb2 22.
Rxb2 Bxb2 23. f4 Nd7 24. Be3 a3 25. Kg1 Rc8 26. Kf2 Nc5 27. Kf3 Na4 28. Rd2 Nc3 29.
Rc2 Rb8 30. Bc4 b5 31. Bb3 f5 32. e5 Ne4 33. Rc7 Re8 34. Rb7 Nc3 35. g4 fxg4+ 36. Kxg4 h5+ 37. Kg5 Kf7 38. Bc2 Nxd5 39. Bxg6+ Kg7 40.
Bxe8 Nxe3 41. exd6 Bf6+ 42. Kxh5 Kf8 43. d7 e6 44.
Rxb5 Nf5 45. Kg6 Bd8 46. Rxf5+ exf5 47. Kxf5 Kg7 48. h3 Kf8 49. Kg6 Ke7 50. f5 Kf8 51.
f6 Bb6 52. h4 Kg8 53. h5 Kf8 54. h6 Bd8 55. Kf5 Bxf6 56. Kxf6 Kg8 57. d8=Q Kh7 58. Bg6+ Kxh6 59. Qh8# 1-0

[Event "*** Titled Tuesday Blitz"]
[Site "Chess.com"]
[Date "2021.04.27"]
[Round "4"]
[White "DeTimmerman"]
[Black "amintabatabaei"]
[Result "1-0"]
[WhiteElo "2805"]
[BlackElo "2980"]
[TimeControl "180+1"]
[EndTime "10:40:18 PDT"]
[Termination "DeTimmerman won by checkmate"]

1. b4 Nf6 2. Bb2 e6 3. b5 a6 4.
a4 b6 5. c4 Bb7 6. e3 g6 7.
Nf3 Bg7 8. Be2 O-O 9. O-O d6 10.
d4 Ne4 11. Nc3 Nxc3 12. Bxc3 a5 13. Nd2 Nd7 14. Bf3 Qc8 15. Bxb7 Qxb7 16. Rc1 f5 17. Qf3 Qxf3 18. gxf3 g5 19. Rfd1 h5 20. Kf1 g4 21.
Ke2 Kf7 22. h3 gxf3+ 23. Nxf3 Bf6 24. Rg1 Rg8 25. h4 Rg4 26. Ng5+ Ke7 27. Nf3 Rag8 28. Rh1 Nf8 29. c5 dxc5 30. dxc5 Rxa4 31. cxb6 cxb6 32.
Bxf6+ Kxf6 33. Rc6 Ra2+ 34. Nd2 Nd7 35. Rhc1 Ne5 36.
R6c2 Rxc2 37. Rxc2 Rg4 38. f4 Nd7 39. Rc7 Rg2+ 40. Kd1 Nc5 41. Nc4 a4 42. Ra7 e5 43.
fxe5+ Ke6 44. Nxb6 Kxe5 45. Nc4+ Kd5 46. Nb6+ Ke5 47.
Nc4+ Ke4 48. Rc7 Nd3 49. b6 Nb2+ 50. Nxb2 Rxb2 51. Rc4+ Kxe3 52. Rxa4 Rb1+ 53. Kc2 Rxb6 54. Ra5 Rf6 55. Kd1 Kf2 56. Kd2 Kg3 57. Ke3 f4+ 58.
Ke2 Kxh4 59. Kf3 Kh3 60. Rxh5# 1-0

[Event "*** Titled Tuesday Blitz"]
[Site "Chess.com"]
[Date "2021.04.27"]
[Round "4"]
[White "esrosenberg"]
[Black "SergeyShtyka"]
[Result "0-1"]
[WhiteElo "2210"]
[BlackElo "2419"]
[TimeControl "180+1"]
[EndTime "10:40:18 PDT"]
[Termination "SergeyShtyka won on time"]

1. Nf3 c5 2. e4 Nc6 3. Bb5 g6 4. Bxc6 dxc6 5. h3 Bg7 6. O-O e5 7. d3 Ne7 8. Na3 O-O 9. Nc4 Qc7 10. a4 b6 11. a5 Be6 12. b3 h6 13. Bb2 f6 14. Ne3 Kh7 15. Qe2 g5 16. Nh2 Ng6 17.
Nf5 Nf4 18. Qf3 Qd7 19. g3 Bxf5 20. exf5 Nd5 21. Ng4 Nb4 22. Rac1 Qd5 23. Qxd5 cxd5 24. Rfd1 Nc6 25. Bc3 d4 26. Be1 Ne7 27. axb6 axb6 28. b4 Nxf5 29. bxc5 bxc5 30. Rb1 Rfb8 31. Kg2 h5 32.
Nh2 Bf8 33. Nf3 Kg6 34. Nd2 Nd6 35. Ne4 Nxe4 36. dxe4 c4 37. f3 f5 38. exf5+ Kxf5 39. g4+ hxg4 40. hxg4+ Ke6 41. Bd2 Be7 42. Re1 Kd5 43. Rxb8 Rxb8 44. f4 gxf4 45. Bxf4 exf4 46. Rxe7 Rb2 47. Rd7+ Kc5 48. Rd8 Rxc2+ 49. Kf3 d3 50. Kxf4 Re2 51. Kf3 Kb4 52. g5 Re5 53. g6 Rg5 54. Rd6 Kc3 55. Kf4 Rg1 56. Ke3 Re1+ 57. Kf2 Re8 58. g7 d2 0-1

[Event "*** Titled Tuesday Blitz"]
[Site "Chess.com"]
[Date "2021.04.27"]
[Round "4"]
[White "chess94cu"]
[Black "rpragchess"]
[Result "0-1"]
[WhiteElo "2579"]
[BlackElo "2892"]
[TimeControl "180+1"]
[EndTime "10:40:19 PDT"]
[Termination "rpragchess won on time"]

1. d4 Nf6 2. c4 Nc6 3. Nf3 e6 4. a3 g6 5. Nc3 Bg7 6. e4 d6 7. Be2 O-O 8. O-O Re8 9. h3 e5 10. d5 Nd4 11. Be3 Nxe2+ 12. Qxe2 Nh5 13. Ne1 Qh4 14.
Nd3 f5 15. Bd2 Nf4 16. Qf3 g5 17. exf5 Bxf5 18. Bxf4 exf4 19. Rfe1 Bd4 20. Nb5 Bb6 21. Rxe8+ Rxe8 22. Re1 Rf8 23. c5 Bxd3 24. Qxd3 Bxc5 25. Re2 f3 26. gxf3 Qxh3 27. Qe4 Kh8 28. b4 Bb6 29. Nd4 g4 30. fxg4 Rg8 31. f3 Qg3+ 32. Kf1 Rf8 33. Rf2 Qe5 34. Qxe5+ dxe5 35. Ne6 Rf7 36. Rc2 Rxf3+ 37.
Kg2 Rf6 38. a4 a5 39. bxa5 Bxa5 40. Nxc7 Rf4 41. Ne6 Rxg4+ 42. Kf3 Rg8 43. d6 Re8 44.
Ng5 Kg7 45. Ke4 Kg6 46. Nf3 Kf6 47. Kd5 e4 48. Nd4 e3 49. d7 Rd8 50. Kd6 Rg8 51.
Ne2 Kf5 52. Rc8 Rg2 0-1

[Event "*** Titled Tuesday Blitz"]
[Site "Chess.com"]
[Date "2021.04.27"]
[Round "4"]
[White "BigAl"]
[Black "kirillshevchenko"]
[Result "1-0"]
[WhiteElo "2579"]
[BlackElo "2829"]
[TimeControl "180+1"]
[EndTime "10:40:20 PDT"]
[Termination "BigAl won by resignation"]

1. Nf3 Nf6 2. g3 g6 3. Bg2 Bg7 4. O-O O-O 5. d3 d6 6. e4 c5 7. e5 dxe5 8. Nxe5 Nbd7 9. Nc4 Nb6 10. Na5 Nbd5 11. Nb3 Bg4 12. Qe1 Rc8 13. h3 Bd7 14.
Na3 b6 15. Bg5 Bc6 16. Qd2 Nb4 17. Bxc6 Nxc6 18. Rfe1 Qd7 19. Kh2 Nd5 20. Nc4 Rfd8 21. c3 b5 22. Nxc5 Qf5 23. g4 Qf3 24. Ne3 Nf4 25.
Bxf4 Qxf4+ 26. Kg2 Ne5 27. Qe2 Rxc5 28. d4 Rcc8 29.
dxe5 Bxe5 30. Nf1 Rc5 31. Rad1 Rcd5 32. Rxd5 Rxd5 33. Qe4 Kf8 34. Qxd5 f6 35. Qf3 Qc4 36. Rxe5 Qxa2 37. Re2 Qc4 38. Qe4 Qc5 39. Ng3 Kf7 40. h4 Qd6 41. Qe3 a5 42. Qf3 b4 43. g5 f5 44. Nxf5 gxf5 45. Qxf5+ Ke8 46. Qc8+ Kf7 47. Qc4+ Ke8 48. Qe4 bxc3 49. bxc3 Kd8 50. Qxh7 Qd5+ 51. Qe4 Qc5 52. Qe3 Qc7 53. Rd2+ Ke8 54. Rd4 Qc6+ 55. Re4 Qd6 56. Qd4 Qc6 57. Qh8+ Kd7 58. Qe5 Qd6 59.
Qxd6+ exd6 60. Ra4 1-0

[Event "*** Titled Tuesday Blitz"]
[Site "Chess.com"]
[Date "2021.04.27"]
[Round "4"]
[White "Kislov_Oleg"]
[Black "chessdiamant"]
[Result "1-0"]
[WhiteElo "2492"]
[BlackElo "2299"]
[TimeControl "180+1"]
[EndTime "10:40:20 PDT"]
[Termination "Kislov_Oleg won on time"]

1. e4 e6 2. d4 d5 3. Nc3 Nf6 4. Bg5 Be7 5. e5 Nfd7 6. Bxe7 Qxe7 7. f4 Nb6 8. Nf3 a6 9. Bd3 c5 10. dxc5 Qxc5 11. Ne2 Nc6 12. b3 Bd7 13. Qd2 f6 14. Ned4 O-O-O 15. Qe3 Qc3+ 16. Kf2 Nb4 17. a3 Nxd3+ 18.
cxd3 Kb8 19. Ne2 Qa5 20. Rhc1 Rc8 21. b4 Qb5 22. Nc3 Qc6 23. Nd4 Qc7 24. Ne4 Qd8 25. Nd6 Rxc1 26. Rxc1 fxe5 27. Qxe5 Ka7 28. Nf7 Qf8 29.
Nxh8 Qxh8 30. Nxe6 Bxe6 31. Qxe6 Qf8 32. Qe3 Qf6 33.
Rc2 d4 34. Qe5 Qh4+ 35. Kg1 Qg4 36. Re2 Qd7 37. g3 g6 38. Qc5 h5 39. Re7 Qa4 40.
Qxd4 Qd1+ 41. Kf2 Qd2+ 42. Re2 Qd1 43. Re6 Qd2+ 44. Kf3 Qd1+ 45. Ke4 Qe2+ 46. Qe3 Qg2+ 47. Ke5 Qd5+ 48. Kf6 Qf5+ 49. Kg7 Ka8 50. Qxb6 1-0

[Event "*** Titled Tuesday Blitz"]
[Site "Chess.com"]
[Date "2021.04.27"]
[Round "4"]
[White "ri4mi"]
[Black "profofchess"]
[Result "1/2-1/2"]
[WhiteElo "2302"]
[BlackElo "2477"]
[TimeControl "180+1"]
[EndTime "10:40:20 PDT"]
[Termination "Game drawn by repetition"]

1. e4 e6 2. d4 d5 3. Nc3 Bb4 4. e5 Bf8 5. f4 c5 6. Nf3 Nh6 7. Be3 Nf5 8. Bf2 cxd4 9. Nxd4 Nxd4 10. Bxd4 Nc6 11. Be2 Qa5 12. O-O Nxd4 13. Qxd4 Bd7 14. Kh1 Bc5 15. Qd3 g6 16. Rf3 Rc8 17. a3 Be7 18. Raf1 h5 19. Nb5 Bxb5 20. Qxb5+ Qxb5 21. Bxb5+ Kf8 22. Bd3 Kg7 23. g3 Rc7 24. Kg2 Rhc8 25. h3 Bc5 26. g4 hxg4 27. hxg4 Rh8 28. f5 gxf5 29. gxf5 exf5 30. Rxf5 Rh6 31. Rg5+ Kf8 32.
Rf6 Rxf6 33. exf6 Bd4 34. Rxd5 Bxf6 35. b4 Kg7 36. a4 a6 37. Kf3 Bc3 38. b5 f6 39.
bxa6 bxa6 40. Bxa6 Be5 41. Bd3 Rc3 42. a5 Ra3 43. a6 Kf7 44. Rd7+ Ke6 45. Rb7 Bd4 46. Ke4 Bg1 47. Bc4+ Kd6 48. Rf7 Kc5 49. Bd3 Ra4+ 50. Kf5 Bd4 51. Ke6 Be5 52. a7 Kb6 53. Be4 Rxa7 54.
Rxa7 Kxa7 55. Kd5 Kb6 56. c4 Kc7 57. c5 Bh2 58. Bf5 Bg1 59. Kc4 Bh2 60. Kd5 Be5 61.
Be6 Bh2 62. Bf5 1/2-1/2

[Event "*** Titled Tuesday Blitz"]
[Site "Chess.com"]
[Date "2021.04.27"]
[Round "4"]
[White "thechesscorner64"]
[Black "secretsuperstar7"]
[Result "1-0"]
[WhiteElo "2393"]
[BlackElo "2219"]
[TimeControl "180+1"]
[EndTime "10:40:20 PDT"]
[Termination "thechesscorner64 won by checkmate"]

1. e4 c5 2. Nf3 d6 3. d4 cxd4 4. Nxd4 Nf6 5. Nc3 Nc6 6. Bg5 e6 7. Qd2 a6 8. O-O-O Bd7 9. f3 Qc7 10. Be3 b5 11. g4 Nxd4 12. Qxd4 Bc6 13. Qb6 Qxb6 14. Bxb6 Nd7 15. Bd4 Ne5 16. Be2 b4 17. Nb1 Be7 18. Nd2 a5 19. f4 Ng6 20. Rhf1 e5 21. fxe5 dxe5 22. Be3 O-O 23. Bc4 a4 24. Kb1 Rad8 25. Bb6 Rd7 26. b3 a3 27. Be3 Nf4 28.
Kc1 Bg5 29. Rf3 Ne2+ 30. Bxe2 Bh4 31. Bd3 Rfd8 32. Nc4 Bxe4 33. Rh3 Bxd3 34. Rxd3 Bf6 35.
Rxd7 Rxd7 36. Rf3 e4 37. Rf5 Bb2+ 38. Nxb2 Rd1+ 39. Nxd1 Kf8 40. Rb5 Ke7 41. Rxb4 Kf6 42. Rxe4 g6 43. h4 Kg7 44. Ra4 h5 45. g5 Kf8 46. Rxa3 Ke7 47. Ra6 Kd7 48. Rf6 Kc7 49. a4 Kb7 50. a5 Ka8 51. b4 Kb8 52. Nf2 Ka8 53. Ne4 Kb8 54. Nd6 Ka8 55. Nxf7 Kb7 56. Ne5 Ka8 57. Nxg6 Kb8 58. Nf4 Ka8 59. Nxh5 Kb8 60. g6 Ka8 61. Rf7 Kb8 62. g7 Kc8 63. g8=Q# 1-0

[Event "*** Titled Tuesday Blitz"]
[Site "Chess.com"]
[Date "2021.04.27"]
[Round "4"]
[White "IMRosen"]
[Black "RiskyDecision"]
[Result "0-1"]
[WhiteElo "2663"]
[BlackElo "2531"]
[TimeControl "180+1"]
[EndTime "10:40:21 PDT"]
[Termination "RiskyDecision won on time"]

1. e4 c5 2. Nc3 e6 3. g3 Nc6 4. Bg2 d6 5. Nge2 Nf6 6. O-O Be7 7. d4 cxd4 8. Nxd4 Nxd4 9. Qxd4 O-O 10. h3 e5 11. Qd3 Be6 12. Be3 Rc8 13. Rfe1 a6 14. Nd5 Bxd5 15. exd5 Nd7 16. c4 Bg5 17. Bxg5 Qxg5 18.
h4 Qd8 19. Bh3 Nc5 20. Qc2 Rc7 21. b4 Nd7 22. Qd3 g6 23. Rac1 f5 24. h5 Qg5 25.
hxg6 hxg6 26. c5 e4 27. Qb3 Ne5 28. Bg2 Nd3 29. Rcd1 Nxe1 30. Rxe1 Qf6 31. Rc1 Kg7 32. a4 Rfc8 33. Qe3 Qb2 34. Rc4 Qa1+ 35. Bf1 Qe5 36. Rc1 Qxd5 37. Bc4 Qe5 38. Bb3 dxc5 39. b5 axb5 40. axb5 c4 41. b6 Rc5 42. Ba4 c3 43.
Rd1 Rd5 44. Rc1 Qd4 45. Qg5 Qf6 46. Qf4 c2 47. Bb3 Rd3 48. Ba4 Rd1+ 49. Rxd1 cxd1=Q+ 50. Bxd1 Rc6 51. Be2 Qd6 52. Qe3 Rxb6 53. Kg2 Qf6 54. Qc5 g5 55. Qc7+ Kg6 56. Bc4 f4 57. Bf7+ Kh6 58.
Bg8 Qg6 59. Bf7 f3+ 60. Kh3 g4+ 61. Kh2 Qf6 0-1

[Event "*** Titled Tuesday Blitz"]
[Site "Chess.com"]
[Date "2021.04.27"]
[Round "4"]
[White "Make_it_shine060"]
[Black "A-S-00"]
[Result "0-1"]
[WhiteElo "2176"]
[BlackElo "2321"]
[TimeControl "180+1"]
[EndTime "10:40:21 PDT"]
[Termination "A-S-00 won on time"]

1. d4 f6 2. c4 g6 3. e4 Bg7 4.
Nc3 d6 5. f4 f5 6. e5 dxe5 7. dxe5 Qxd1+ 8. Nxd1 c6 9. Nf3 b6 10.
Nc3 Na6 11. Be3 Nc7 12. O-O-O Nh6 13. h3 Nf7 14. Rg1 Bb7 15. Be2 Rd8 16. Nd4 c5 17.
Ndb5 Nxb5 18. Nxb5 O-O 19. Bf3 Bxf3 20. gxf3 Bh6 21.
Rde1 Rd3 22. Kc2 Rfd8 23. e6 Ne5 24. fxe5 Bxe3 25. Rg2 Bf4 26. Nxa7 Rxf3 27. Nc6 Re8 28. Rd1 Rxh3 29. Rd7 Kf8 30. Nd8 Rh2 31. Rxh2 Bxh2 32. Nf7 f4 33. Rd2 Bg3 34. Rg2 Kg7 35. Ng5 h6 36.
Ne4 Bh4 37. a3 f3 38. Rh2 g5 39. b4 Rd8 40. bxc5 bxc5 41. a4 Rd4 42. Nf2 Rxc4+ 43. Kb3 Rb4+ 44. Ka3 Bg3 45. Rh3 Bxf2 46. Rxf3 Bd4 47.
Rf7+ Kg6 48. Rxe7 Bxe5 0-1

[Event "*** Titled Tuesday Blitz"]
[Site "Chess.com"]
[Date "2021.04.27"]
[Round "4"]
[White "jacky72"]
[Black "Sam_ChessMood"]
[Result "0-1"]
[WhiteElo "2713"]
[BlackElo "2903"]
[TimeControl "180+1"]
[EndTime "10:40:22 PDT"]
[Termination "Sam_ChessMood won by checkmate"]

1. d4 Nf6 2. c4 e6 3. Nf3 d5 4. Nc3 c6 5. cxd5 exd5 6. Bg5 Be7 7. Qc2 g6 8. e3 Bf5 9. Bd3 Bxd3 10. Qxd3 Nbd7 11.
O-O O-O 12. Rab1 a5 13. Ne5 Nxe5 14. dxe5 Nd7 15. Bf4 Nc5 16. Qc2 Ne6 17. Bg3 b5 18. Ne2 Qb6 19. Rbc1 c5 20. Nf4 Rfd8 21. Nxe6 Qxe6 22.
f4 Qf5 23. Qe2 c4 24. Bf2 Qe4 25. Qf3 a4 26. a3 Qxf3 27. gxf3 f6 28. Rfd1 Kf7 29.
Bh4 g5 30. exf6 Bc5 31. Bf2 gxf4 32. exf4 Bxf2+ 33. Kxf2 d4 34. Re1 Rd5 35. Re7+ Kxf6 36. Rce1 d3 37. R1e6+ Kf5 38. Rh6 Kxf4 39. Rh4+ Kf5 40.
Rexh7 Rg8 41. R4h5+ Rg5 42. Rxg5+ Kxg5 43. Ke1 Re5+ 44.
Kd1 Re2 45. h4+ Kg6 46. Rc7 Rxb2 47. Rc5 b4 48. axb4 a3 49. Rxc4 a2 50. Rc6+ Kh5 51. Ra6 Rb1+ 52. Kd2 a1=Q 53. Rxa1 Rxa1 54. Kxd3 Kxh4 55.
b5 Kg5 56. Kd4 Kf6 57. Kc5 Ke7 58. Kc6 Rc1+ 59. Kb7 Kd6 60. b6 Rb1 61. Ka7 Kc6 62.
f4 Rxb6 63. f5 Rb7+ 64. Ka8 Rf7 65. f6 Rxf6 66. Kb8 Kb6 67. Kc8 Rd6 68. Kb8 Rd8# 0-1

[Event "*** Titled Tuesday Blitz"]
[Site "Chess.com"]
[Date "2021.04.27"]
[Round "4"]
[White "Zallio"]
[Black "Piccadilly123"]
[Result "0-1"]
[WhiteElo "2064"]
[BlackElo "2269"]
[TimeControl "180+1"]
[EndTime "10:40:22 PDT"]
[Termination "Piccadilly123 won on time"]

1. e4 g6 2. d4 Bg7 3. f4 c5 4. c3 cxd4 5. cxd4 d5 6. e5 Nc6 7. Nf3 Bg4 8. Be2 Nh6 9. Nc3 O-O 10. O-O Nf5 11. h3 Bxf3 12. Bxf3 e6 13. Ne2 Qb6 14.
Kh2 Ncxd4 15. Nxd4 Nxd4 16. Bg4 h5 17. Be3 hxg4 18. Bxd4 Qd8 19. hxg4 Qh4+ 20. Kg1 Rfc8 21. Bf2 Qh6 22. g5 Qh7 23. Rc1 Bf8 24. Rxc8 Rxc8 25.
Bxa7 Kg7 26. Qd2 Qh4 27. Rc1 Bb4 28. Qe3 Rh8 29. Bb6 d4 30. Bxd4 Qg4 31. Qf3 Qh4 32. Qe3 Qg4 33. Qf3 Qh4 34. Qh3 Qxf4 35. Qe3 Qh4 36.
Bb6 Qh1+ 37. Kf2 Qh4+ 38. Kg1 Qh1+ 39. Kf2 Qh4+ 40. Qg3 Qe4 41. Qf3 Qh4+ 42. Ke3 Qxg5+ 43. Ke2 Qd2+ 44. Kf1 Rh1+ 45. Bg1 Qxc1+ 46. Ke2 Rxg1 47. Qf6+ Kg8 48. Qd8+ Kh7 49. Qh4+ Qh6 50. Qf6 Rxg2+ 51.
Kf1 Rg5 52. Qxf7+ Qg7 53. Qxe6 Rf5+ 54. Ke2 Qxe5+ 55. Qxe5 Rxe5+ 0-1